[Event "Titled Tuesday Blitz February 21 Early 2023"]
[White "Buganca, Luiz Henrique Da Silva"]
[Black "Seifert, Henryk"]
[WhiteFideId "2182289"]
[BlackFideId "1100963"]
[WhiteElo "1920"]
[BlackElo "2106"]
[Result "1-0"]
[Round "05"]
[TimeControl "180+2"]
[Date "2023.02.21"]
[WhiteClock "0:00:28"]
[BlackClock "0:00:01"]

1. d4 d5 2. c4 c6 3. cxd5 cxd5 4. Nc3 Nc6 5. Bf4 Nf6 6. e3 Qb6 7. Qb3 Qxb3 8. axb3 Bf5 9. Nb5 Rc8 10. Rc1 e6 11. Nf3 Bb4+ 12. Nc3 O-O 13. Be2 Ne4 14. O-O Na5 15. Bd1 h6 16. Ne5 Nd2 17. Re1 Naxb3 18. Bxb3 Nxb3 19. Rcd1 Bxc3 20. bxc3 Rxc3 21. Re2 a5 22. Nd7 Ra8 23. Nb6 Ra6 24. Na4 Rc4 25. Nb2 b5 26. f3 a4 27. e4 Bg6 28. Nxc4 dxc4 29. d5 exd5 30. exd5 c3 31. d6 Bf5 32. d7 1-0


[Site "https://www.chess.com"]

[Event "Titled Tuesday Blitz February 21 Early 2023"]
[White "rikchessmx"]
[Black "Ricaurte Lopez, Juan Carlos"]
[BlackFideId "3600327"]
[WhiteElo "2351"]
[BlackElo "2226"]
[Result "1-0"]
[Round "05"]
[TimeControl "180+2"]
[Date "2023.02.21"]
[WhiteClock "0:01:37"]
[BlackClock "0:00:03"]

1. e4 e5 2. Nc3 Nf6 3. Bc4 Nc6 4. d3 Bc5 5. Nf3 d6 6. Bg5 Bg4 7. Nd5 h6 8. Bxf6 gxf6 9. h3 Be6 10. c3 f5 11. Qb3 Na5 12. Qa4+ c6 13. exf5 Bxf5 14. b4 b5 15. Bxb5 cxb5 16. Qxb5+ Bd7 17. Qxa5 Qxa5 18. bxa5 Rb8 19. O-O Bc6 20. Nf6+ Ke7 21. Ne4 Ba3 22. Rab1 Ba4 23. d4 Bc2 24. Rxb8 Rxb8 25. Ng3 Ke6 26. Re1 f6 27. Nh4 Rb2 28. f4 Rxa2 29. fxe5 fxe5 30. dxe5 dxe5 31. Nf3 Bc5+ 32. Kh2 Bd6 33. Ne4 Bxe4 34. Rxe4 Rxa5 35. Rh4 Bf8 36. Re4 Bg7 37. Rg4 Kf7 38. Rc4 Ra3 39. Rc7+ Kg6 40. Nh4+ 1-0


[Site "https://www.chess.com"]

[Event "Titled Tuesday Blitz February 21 Early 2023"]
[White "Calcada, Lucas Galvan"]
[Black "parintele_chess"]
[WhiteFideId "22746099"]
[WhiteElo "1739"]
[BlackElo "2249"]
[Result "1-0"]
[Round "05"]
[TimeControl "180+2"]
[Date "2023.02.21"]
[WhiteClock "0:00:44"]
[BlackClock "0:00:06"]

1. d4 e5 2. dxe5 Bc5 3. Nf3 d6 4. exd6 Ne7 5. e4 cxd6 6. Bd3 O-O 7. O-O Bg4 8. Nbd2 Nbc6 9. h3 Bh5 10. Re1 Ne5 11. Be2 Bg6 12. Bd3 Qb6 13. Qe2 Bh5 14. Nc4 Bxf3 15. gxf3 Nxc4 16. Bxc4 d5 17. exd5 Qg6+ 18. Kh2 Bd6+ 19. f4 Nf5 20. Bd3 Qf6 21. Qg4 Nd4 22. Be3 g6 23. Rg1 Rae8 24. Kh1 Kh8 25. f5 Nxf5 26. Bxf5 gxf5 27. Bd4 Be5 28. Bxe5 Rxe5 29. Qd4 Re6 30. Qxf6+ Rxf6 31. c4 Rd8 32. Rge1 b5 33. b3 bxc4 34. bxc4 Rc8 35. Rac1 Kg7 36. c5 Ra6 37. d6 Rxa2 38. d7 Rd8 39. c6 Rxf2 40. c7 Re8 41. dxe8=Q 1-0


[Site "https://www.chess.com"]

[Event "Titled Tuesday Blitz February 21 Early 2023"]
[White "Gardezi, Arsal"]
[Black "Mitrovic, Darko R"]
[WhiteFideId "30949521"]
[BlackFideId "927023"]
[WhiteElo "2093"]
[BlackElo "2220"]
[Result "1-0"]
[Round "05"]
[TimeControl "180+2"]
[Date "2023.02.21"]
[WhiteClock "0:02:22"]
[BlackClock "0:00:08"]

1. Nf3 c5 2. c4 Nc6 3. Nc3 e5 4. e3 f5 5. d4 cxd4 6. exd4 e4 7. Ne5 Nf6 8. Be2 Bb4 9. O-O Bxc3 10. bxc3 O-O 11. c5 Nxe5 12. dxe5 Ne8 13. Qd5+ Kh8 14. Rd1 Qe7 15. Ba3 Nc7 16. Qb3 Qe8 17. c6 dxc6 18. Bxf8 Qxf8 19. Rd6 Qe8 20. Rad1 Ne6 21. Bc4 1-0


[Site "https://www.chess.com"]

[Event "Titled Tuesday Blitz February 21 Early 2023"]
[White "Rosh Jain"]
[Black "Jesusesmifuerza"]
[WhiteFideId "25789465"]
[WhiteElo "2248"]
[BlackElo "2002"]
[Result "0-1"]
[Round "05"]
[TimeControl "180+2"]
[Date "2023.02.21"]
[WhiteClock "0:00:01"]
[BlackClock "0:00:09"]

1. e4 c5 2. Nf3 e6 3. d4 cxd4 4. Nxd4 Nf6 5. Bd3 Nc6 6. Nb3 d5 7. exd5 exd5 8. O-O Bg4 9. f3 Bh5 10. Bg5 Be7 11. Nc3 O-O 12. Re1 Bg6 13. a3 Bxd3 14. Qxd3 h6 15. Bxf6 Bxf6 16. Rad1 Qb6+ 17. Kh1 Rad8 18. Nxd5 Rxd5 19. Qxd5 Bxb2 20. a4 a5 21. Qc5 Qc7 22. Rd5 Qf4 23. Re4 Qf6 24. Rd6 Qc3 25. Qxc3 Bxc3 26. Rd7 Rc8 27. Rxb7 Nb4 28. Rbe7 Kh7 29. Rxf7 Nxc2 30. h3 Bf6 31. Ra7 Nb4 32. Nxa5 Rc1+ 33. Kh2 Nd3 34. Kg3 h5 35. Nb3 h4+ 36. Rxh4+ Bxh4+ 37. Kxh4 Rc3 38. Na5 Ne1 39. Kg3 Rc2 40. Nb3 Rxg2+ 41. Kf4 Rf2 42. Nd4 Rd2 43. Ke3 Rb2 44. a5 Nc2+ 45. Nxc2 Rxc2 46. a6 Ra2 47. Ra8 Ra5 48. Kd4 Ra3 49. Kc5 Rxf3 50. h4 Ra3 51. Kb6 Rb3+ 52. Ka7 Rb4 53. h5 Rb5 54. Rf8 Rxh5 55. Kb6 Rh1 56. Rf5 Rb1+ 57. Rb5 Ra1 58. a7 Rxa7 0-1


[Site "https://www.chess.com"]

[Event "Titled Tuesday Blitz February 21 Early 2023"]
[White "Better_Chess_Faster"]
[Black "Broca Jimenez, Fernando"]
[BlackFideId "5104742"]
[WhiteElo "1968"]
[BlackElo "2075"]
[Result "1-0"]
[Round "05"]
[TimeControl "180+2"]
[Date "2023.02.21"]
[WhiteClock "0:01:01"]
[BlackClock "0:00:06"]

1. c4 Nf6 2. g3 g6 3. Bg2 Bg7 4. Nc3 O-O 5. e4 c5 6. Nge2 Nc6 7. O-O d6 8. d3 Nd4 9. Nxd4 cxd4 10. Ne2 e5 11. h3 Rb8 12. f4 b5 13. b3 bxc4 14. bxc4 Re8 15. f5 h6 16. g4 g5 17. Ng3 Nh7 18. Nh5 f6 19. h4 Re7 20. Rf2 Reb7 21. Kh2 Bd7 22. Bf3 Be8 23. Nxg7 Kxg7 24. hxg5 Nxg5 25. Bxg5 hxg5 26. Kg3 Rb2 27. Qf1 Bf7 28. Be2 Qb6 29. Rh2 Rh8 30. Rxh8 Kxh8 31. Qh3+ Kg7 32. Rh1 Kf8 33. Bf3 Qb8 34. Qh8+ Ke7 35. Qg7 Qg8 36. Qxg8 Bxg8 37. Rh8 Kf8 38. Rh6 Kg7 39. Rg6+ Kf7 40. Rh6 Rxa2 41. Rh1 Ra6 42. Rb1 Rb6 43. Ra1 a6 44. Ra5 Ke7 45. Be2 Kd7 46. Kf2 Kc6 47. Ke1 Kc7 48. Kd2 Bf7 49. c5 dxc5 50. Rxc5+ Rc6 51. Ra5 Bb3 52. Ra3 Bf7 53. Ra5 Kb6 54. Ra1 a5 55. Rb1+ Kc7 56. Ra1 Ra6 57. Kc2 a4 58. Kb2 Bb3 59. Ka3 Kb6 60. Rh1 Kc5 61. Rh6 Rc6 62. Rh8 Kd6 63. Re8 Kc5 64. Rf8 Kb6 65. Rb8+ Kc5 66. Rf8 Kb6 67. Re8 Kc5 68. Re7 Rd6 69. Rf7 Rb6 70. Re7 Bc2 71. Rc7+ Kd6 72. Rxc2 Rc6 73. Rxc6+ Kxc6 74. Kxa4 1-0


[Site "https://www.chess.com"]

[Event "Titled Tuesday Blitz February 21 Early 2023"]
[White "Nugumanov, Bakhtiyar"]
[Black "Dias, Joao Batista"]
[WhiteFideId "13701797"]
[BlackFideId "2108240"]
[WhiteElo "2316"]
[BlackElo "1796"]
[Result "0-1"]
[Round "05"]
[TimeControl "180+2"]
[Date "2023.02.21"]
[WhiteClock "0:00:56"]
[BlackClock "0:01:32"]

1. Nf3 Nf6 2. c4 c5 3. Nc3 g6 4. e4 d6 5. d4 cxd4 6. Nxd4 Bg7 7. Be2 O-O 8. O-O Nc6 9. Nc2 Be6 10. b3 a6 11. Bb2 Rc8 12. Re1 Re8 13. Bf1 Qa5 14. Nd5 Bxd5 15. exd5 Nb8 16. Nd4 Nbd7 17. Qf3 Nh5 18. Bc3 Qc7 19. Rad1 Ne5 20. Qe3 Nf6 21. h3 Ned7 22. g3 Nc5 0-1


[Site "https://www.chess.com"]

[Event "Titled Tuesday Blitz February 21 Early 2023"]
[White "Kohler, Aran"]
[Black "Desideri, Ricardo Maruchi"]
[WhiteFideId "1002856"]
[BlackFideId "2110440"]
[WhiteElo "2010"]
[BlackElo "1959"]
[Result "1-0"]
[Round "05"]
[TimeControl "180+2"]
[Date "2023.02.21"]
[WhiteClock "0:00:10"]
[BlackClock "0:00:01"]

1. Nf3 c5 2. d4 cxd4 3. Nxd4 e5 4. Nb3 d5 5. e4 dxe4 6. Qxd8+ Kxd8 7. Nc3 f5 8. Bg5+ Nf6 9. O-O-O+ Ke8 10. Bxf6 gxf6 11. Nd5 Na6 12. Nxf6+ Kf7 13. Nd7 Ke6 14. Bc4+ Ke7 15. Nxe5 Bg7 16. f4 Be6 17. Bxe6 Kxe6 18. Nd4+ Kf6 19. Nb5 Rhd8 20. Nd6 Nc5 21. h3 Ke6 22. Ndf7 Rxd1+ 23. Rxd1 Bxe5 24. Nxe5 Rc8 25. Kb1 Rg8 26. g4 fxg4 27. hxg4 Rf8 28. Rf1 e3 29. Nd3 Kd5 30. f5 Ne4 31. Re1 Kd4 32. Nf4 Nd2+ 33. Kc1 Ke4 34. Ng2 Nc4 35. b3 Kf3 36. bxc4 Kxg2 37. Rxe3 Rg8 38. Re4 Kf3 39. Rd4 Rf8 40. Kd2 h6 41. c3 b6 42. a4 a5 43. Kd3 Re8 44. Rd6 Re3+ 45. Kd2 Re2+ 46. Kd1 Re4 47. Rxh6 Rxg4 48. Rxb6 Rxc4 49. Kc2 Rxa4 50. f6 Rf4 51. Kb3 a4+ 52. Ka3 Ke3 53. Rb4 Rxf6 54. Kxa4 Kd3 55. Kb3 Rc6 56. Rd4+ 1-0


[Site "https://www.chess.com"]

[Event "Titled Tuesday Blitz February 21 Early 2023"]
[White "SulfatoFerroso"]
[Black "Thomas, Anysia"]
[BlackFideId "670472"]
[WhiteElo "1776"]
[BlackElo "2147"]
[Result "0-1"]
[Round "05"]
[TimeControl "180+2"]
[Date "2023.02.21"]
[WhiteClock "0:00:17"]
[BlackClock "0:01:49"]

1. e4 c5 2. Nf3 g6 3. d4 cxd4 4. Nxd4 Nc6 5. Nc3 Bg7 6. Be3 Nf6 7. Qd2 O-O 8. Bc4 Nxe4 9. Nxe4 d5 10. Nxc6 bxc6 11. Bb3 dxe4 12. O-O-O Qc7 13. h4 a5 14. h5 a4 15. Bc4 a3 16. b3 Ba6 17. hxg6 hxg6 18. Bd4 e5 19. Be3 Bxc4 20. Bh6 f5 21. bxc4 Qb7 22. Bxg7 Qb2# 0-1


[Site "https://www.chess.com"]

[Event "Titled Tuesday Blitz February 21 Early 2023"]
[White "Mitrabha, Guha"]
[Black "Nakamura, Hikaru"]
[WhiteFideId "5057000"]
[BlackFideId "2016192"]
[WhiteElo "2507"]
[BlackElo "2775"]
[Result "0-1"]
[Round "06"]
[TimeControl "180+2"]
[Date "2023.02.21"]
[WhiteClock "0:00:27"]
[BlackClock "0:00:16"]

1. d4 d6 2. Nf3 f5 3. e3 Nf6 4. b4 g6 5. Bb2 Bg7 6. c4 O-O 7. a4 e6 8. Be2 Qe7 9. Nc3 a5 10. b5 b6 11. Qb3 Nbd7 12. O-O Bb7 13. Rfd1 h6 14. Nd2 Kh7 15. Bf3 Bxf3 16. Nxf3 Qf7 17. Ba3 Ne4 18. Rac1 g5 19. Qc2 Nxc3 20. Qxc3 g4 21. Nd2 e5 22. dxe5 Nxe5 23. Qc2 Qg6 24. Bb2 Rae8 25. Bxe5 Rxe5 26. g3 h5 27. Nb3 h4 28. Rd5 hxg3 29. hxg3 Qh5 30. Nd4 Kg6 31. Ne2 Bh6 32. Rxe5 dxe5 33. Qd3 Bg5 34. Qd5 Bf6 35. Rd1 Rd8 36. Qxd8 Bxd8 37. Rxd8 Qh7 38. Nc3 Qe7 39. Rg8+ Kf7 40. Rh8 Qc5 41. Nd5 Qxc4 42. Nxc7 Qxa4 43. Rh6 f4 44. gxf4 exf4 45. Rxb6 Qd1+ 46. Kg2 Qf3+ 47. Kg1 fxe3 0-1


[Site "https://www.chess.com"]

[Event "Titled Tuesday Blitz February 21 Early 2023"]
[White "Ibarra Jerez, Jose Carlos"]
[Black "Andreikin, Dmitry"]
[WhiteFideId "2226332"]
[BlackFideId "4158814"]
[WhiteElo "2563"]
[BlackElo "2729"]
[Result "1/2-1/2"]
[Round "06"]
[TimeControl "180+2"]
[Date "2023.02.21"]
[WhiteClock "0:02:29"]
[BlackClock "0:01:55"]

1. e4 e6 2. d4 d5 3. Nd2 c5 4. exd5 Qxd5 5. Ngf3 cxd4 6. Bc4 Qd6 7. O-O Nf6 8. Nb3 Nc6 9. Nbxd4 Nxd4 10. Nxd4 Be7 11. Nb5 Qc6 12. Qe2 a6 13. Bf4 O-O 14. Nd4 Qc5 15. Nb3 Qc6 16. Nd4 Qc5 17. Nb3 Qc6 18. Nd4 1/2-1/2


[Site "https://www.chess.com"]

[Event "Titled Tuesday Blitz February 21 Early 2023"]
[White "Gokerkan, Cem Kaan"]
[Black "Makarian, Rudik"]
[WhiteFideId "6336760"]
[BlackFideId "44105681"]
[WhiteElo "2500"]
[BlackElo "2545"]
[Result "0-1"]
[Round "06"]
[TimeControl "180+2"]
[Date "2023.02.21"]
[WhiteClock "0:00:07"]
[BlackClock "0:00:17"]

1. e4 c5 2. c3 d5 3. exd5 Nf6 4. Bb5+ Nbd7 5. Nf3 a6 6. Be2 Nxd5 7. O-O e6 8. Re1 Be7 9. d4 N5f6 10. Bg5 O-O 11. Nbd2 h6 12. Bh4 b6 13. dxc5 Bxc5 14. Nc4 Bb7 15. Nd6 Bd5 16. Nc4 Qc7 17. Bg3 Qc6 18. Nce5 Nxe5 19. Nxe5 Qb7 20. Bf3 Rfd8 21. c4 Bxf3 22. Qxf3 Qxf3 23. Nxf3 Rd3 24. b3 Rad8 25. Ne5 Rd2 26. Nc6 R8d3 27. Ne5 Rxg3 28. hxg3 Bxf2+ 29. Kh2 Bxe1 30. Rxe1 Rxa2 31. Rd1 g5 32. Rd8+ Kg7 33. Rb8 Re2 34. Nf3 Ng4+ 35. Kg1 Ne3 36. Rxb6 Rxg2+ 37. Kh1 Rxg3 38. Nd4 g4 39. c5 Rh3+ 40. Kg1 g3 41. Nf3 g2 42. Nh2 Rh5 43. c6 Rf5 44. c7 Rf1+ 45. Nxf1 gxf1=Q+ 0-1


[Site "https://www.chess.com"]

[Event "Titled Tuesday Blitz February 21 Early 2023"]
[White "Vokhidov, Shamsiddin"]
[Black "Movahed, Sina"]
[WhiteFideId "14204223"]
[BlackFideId "42520835"]
[WhiteElo "2586"]
[BlackElo "2340"]
[Result "1/2-1/2"]
[Round "06"]
[TimeControl "180+2"]
[Date "2023.02.21"]
[WhiteClock "0:00:06"]
[BlackClock "0:00:07"]

1. e4 c5 2. Nf3 d6 3. Bb5+ Nd7 4. a4 Nf6 5. Nc3 g6 6. d4 cxd4 7. Nxd4 Bg7 8. Be3 O-O 9. O-O Ne5 10. f3 a6 11. Be2 Bd7 12. a5 Rc8 13. Nb3 Nc4 14. Bxc4 Rxc4 15. Qd3 Qc8 16. Rf2 Be6 17. Na4 Nd7 18. Bd4 f6 19. Nc3 Qc6 20. Re1 Rb4 21. Nd5 Bxd5 22. exd5 Qxd5 23. Rxe7 Ne5 24. Qd2 Rb5 25. Bc3 Rf7 26. Rxf7 Kxf7 27. Qe1 Qc4 28. Re2 Rd5 29. Re4 Qc7 30. Nd4 f5 31. Re2 Qc5 32. Qf2 Nc6 33. Nxc6 Rd1+ 34. Re1 Rxe1+ 35. Bxe1 Qxc6 36. b3 Qc5 37. Qxc5 dxc5 38. Kf2 Bd4+ 39. Ke2 Ke6 40. Kd3 Kd5 41. h3 h5 42. Bg3 g5 43. Bc7 Bf6 44. g4 fxg4 45. fxg4 h4 46. c4+ Ke6 47. Ke4 Be7 48. Be5 Bd8 49. Bc3 Bc7 50. Bd2 Bd8 51. Bc1 Be7 52. Be3 Bd8 53. Bxc5 Bxa5 54. Be3 Bd8 55. Bd2 Be7 56. Ba5 Bf6 57. Bc7 Be7 58. Be5 Bd8 59. Bd4 Be7 60. Be3 Bd8 61. Bd2 Be7 62. Ba5 Bf6 63. Bb4 Bd8 64. Bc3 Be7 65. Bd4 Bd8 66. Bc5 Bf6 67. Be3 Be7 68. Bf2 Bd8 69. Be1 Bf6 70. b4 Be7 71. b5 axb5 72. cxb5 Bf6 73. Bd2 Be7 74. Kd4 Bd8 75. Kc5 Ke5 76. Bc1 Ke4 77. Kd6 Kf3 78. Kd7 Bf6 79. Ke6 Bd8 80. Kd7 Bf6 81. Ke6 Bd8 82. Kd7 1/2-1/2


[Site "https://www.chess.com"]

[Event "Titled Tuesday Blitz February 21 Early 2023"]
[White "Indjic, Aleksandar"]
[Black "Dubov, Daniil"]
[WhiteFideId "911925"]
[BlackFideId "24126055"]
[WhiteElo "2618"]
[BlackElo "2708"]
[Result "0-1"]
[Round "06"]
[TimeControl "180+2"]
[Date "2023.02.21"]
[WhiteClock "0:00:15"]
[BlackClock "0:00:05"]

1. d4 Nf6 2. Nf3 e6 3. c4 c5 4. d5 exd5 5. cxd5 d6 6. Nc3 g6 7. Bg5 Bg7 8. e4 h6 9. Bh4 O-O 10. Nd2 Nbd7 11. Be2 a6 12. a4 Re8 13. O-O g5 14. Bg3 Ne5 15. f4 gxf4 16. Bxf4 Rb8 17. a5 Nfd7 18. Kh1 b5 19. axb6 Rxb6 20. Qc2 Rb4 21. b3 Nf8 22. Bg3 Nfg6 23. Rae1 a5 24. Bb5 Bd7 25. Bxd7 Qxd7 26. Nd1 a4 27. bxa4 Qxa4 28. Qxa4 Rxa4 29. Ne3 c4 30. Rc1 Rc8 31. Nf5 c3 32. Nf3 Nd3 33. Nxd6 Nxc1 34. Nxc8 Ne2 35. d6 Nf8 36. Ne7+ Kh7 37. Ne1 Nxg3+ 38. hxg3 Ra1 39. Kg1 Rd1 40. Nf5 Be5 41. Nc2 Rd2 42. Rc1 Ne6 43. Nce3 Nc5 44. Nd5 Nxe4 45. d7 Rxd5 46. Re1 c2 47. Kf1 Rxd7 48. Ke2 Nxg3+ 49. Nxg3 Bxg3 0-1


[Site "https://www.chess.com"]

[Event "Titled Tuesday Blitz February 21 Early 2023"]
[White "Anton Guijarro, David"]
[Black "Lazavik, Denis"]
[WhiteFideId "2285525"]
[BlackFideId "13515110"]
[WhiteElo "2690"]
[BlackElo "2544"]
[Result "0-1"]
[Round "06"]
[TimeControl "180+2"]
[Date "2023.02.21"]
[WhiteClock "0:00:02"]
[BlackClock "0:00:05"]

1. e4 e5 2. Nf3 Nc6 3. Bc4 Bc5 4. d3 Nf6 5. O-O d6 6. a4 h6 7. Be3 Bxe3 8. fxe3 a5 9. Nbd2 O-O 10. Qe1 g6 11. Qg3 Kg7 12. Nh4 Ne7 13. d4 Nh5 14. Qf2 f5 15. dxe5 dxe5 16. Rad1 Qe8 17. exf5 Nxf5 18. Qe1 Qe7 19. Nxf5+ Bxf5 20. Bd3 Bxd3 21. cxd3 Nf6 22. Nc4 b6 23. Qc3 Rae8 24. e4 Nd7 25. Ne3 Qc5 26. Qxc5 Nxc5 27. Rxf8 Rxf8 28. Nd5 Nxa4 29. Nxc7 Rf7 30. Nd5 Nxb2 31. Rb1 Nxd3 32. Rxb6 Ra7 33. Nc3 a4 34. Rd6 Nb4 35. Rb6 Nc2 36. Rb2 Nd4 37. Ra2 a3 38. Kf2 Kf6 39. Ke3 Ke6 40. Kd3 Kd6 41. Kc4 Kc6 42. h4 h5 43. Rf2 Ra8 44. Ra2 Kd6 45. g3 Ke6 46. Kb4 Ra7 47. Kc4 Ra8 48. Kb4 Kf7 49. Kc4 g5 50. Rf2+ Kg6 51. Ra2 gxh4 52. gxh4 Nf3 53. Kd5 Ra5+ 54. Ke6 Nxh4 55. Nd5 Nf3 56. Rg2+ Ng5+ 57. Kxe5 a2 58. Kd6 a1=Q 59. Nf4+ Kf7 60. Rxg5 Rxg5 0-1


[Site "https://www.chess.com"]

[Event "Titled Tuesday Blitz February 21 Early 2023"]
[White "Svane, Rasmus"]
[Black "Timofeev, Artyom"]
[WhiteFideId "4657101"]
[BlackFideId "4140419"]
[WhiteElo "2623"]
[BlackElo "2567"]
[Result "1-0"]
[Round "06"]
[TimeControl "180+2"]
[Date "2023.02.21"]
[WhiteClock "0:00:48"]
[BlackClock "0:00:13"]

1. Nf3 Nf6 2. g3 g6 3. Bg2 Bg7 4. O-O O-O 5. d4 d6 6. Re1 Nbd7 7. e4 e5 8. Nc3 c6 9. a4 a5 10. h3 Re8 11. Be3 Qc7 12. Qd2 Nf8 13. Rad1 Ne6 14. g4 Nd7 15. d5 Nf4 16. dxc6 bxc6 17. Qxd6 Qb7 18. Rb1 Qb4 19. Qxc6 Rb8 20. Bxf4 exf4 21. Nd5 Qc5 22. Qxc5 Nxc5 23. e5 Nxa4 24. b3 Bb7 25. Nc7 Nc3 26. Nxe8 Nxb1 27. Nxg7 Bxf3 28. Bxf3 Nd2 29. Bd5 Rd8 30. Ne8 Rxe8 31. Rd1 1-0


[Site "https://www.chess.com"]

[Event "Titled Tuesday Blitz February 21 Early 2023"]
[White "Kilic, Eray"]
[Black "Kovalenko, Igor"]
[WhiteFideId "44517173"]
[BlackFideId "14117908"]
[WhiteElo "2414"]
[BlackElo "2674"]
[Result "1-0"]
[Round "06"]
[TimeControl "180+2"]
[Date "2023.02.21"]
[WhiteClock "0:00:14"]
[BlackClock "0:00:22"]

1. d4 Nf6 2. Nc3 d5 3. Bf4 a6 4. e3 b5 5. Bd3 Nbd7 6. g4 h6 7. h3 c5 8. Nf3 e6 9. Ne5 b4 10. Na4 Nxe5 11. Bxe5 Nd7 12. Bg3 Qa5 13. b3 Be7 14. h4 Bb7 15. Qf3 cxd4 16. exd4 Bc6 17. g5 Bxa4 18. bxa4 b3+ 19. Kf1 bxc2 20. g6 O-O 21. Bxc2 Rac8 22. gxf7+ Rxf7 23. Qd3 Nf8 24. Kg2 Rc3 25. Qe2 Qb4 26. Be5 Bf6 27. Rab1 Qe7 28. Qd2 Rc8 29. Bg3 e5 30. dxe5 Bxe5 31. Rhe1 Nd7 32. Qd3 Rxc2 33. Qxc2 Qd6 34. Qd3 Bxg3 35. Qxg3 Qf6 36. Re8+ Kh7 37. Qd3+ g6 38. Qe3 d4 39. Qg3 Nc5 40. Rbb8 h5 41. Rh8+ Qxh8 42. Rxh8+ Kxh8 43. Qe5+ Kh7 44. Qxc5 Rd7 45. Qc6 Rf7 46. Qd5 Rf5 47. Qd7+ Kh6 48. Qxd4 Kh7 49. Qd7+ Kh6 50. Qc8 Kh7 51. Qxa6 1-0


[Site "https://www.chess.com"]

[Event "Titled Tuesday Blitz February 21 Early 2023"]
[White "Caruana, Fabiano"]
[Black "Molina, Roberto Junio Brito"]
[WhiteFideId "2020009"]
[BlackFideId "2109450"]
[WhiteElo "2764"]
[BlackElo "2403"]
[Result "1-0"]
[Round "06"]
[TimeControl "180+2"]
[Date "2023.02.21"]
[WhiteClock "0:00:49"]
[BlackClock "0:00:16"]

1. c4 c6 2. d4 d5 3. Nf3 Nf6 4. e3 Bf5 5. Nc3 e6 6. Nh4 Bg6 7. Be2 Nbd7 8. O-O Bd6 9. g3 Ne4 10. Nxg6 hxg6 11. Bf3 f5 12. Bg2 Ndf6 13. Ne2 Ng5 14. Nf4 Kf7 15. h4 Nge4 16. Qe1 Bxf4 17. exf4 dxc4 18. Be3 b5 19. a4 a6 20. Qe2 Qb6 21. d5 c5 22. dxe6+ Qxe6 23. Rfd1 Rhd8 24. axb5 axb5 25. Rxa8 Rxa8 26. Bxc5 Ra2 27. Bd4 c3 28. Bxc3 Nxc3 29. Qxe6+ Kxe6 30. bxc3 Rc2 31. Bf1 Ne4 32. Bd3 Rxc3 33. Bxb5 Rc2 34. Re1 Kd6 35. Bd3 1-0


[Site "https://www.chess.com"]

[Event "Titled Tuesday Blitz February 21 Early 2023"]
[White "Sarana, Alexey"]
[Black "Kravtsiv, Martyn"]
[WhiteFideId "24133795"]
[BlackFideId "14113147"]
[WhiteElo "2685"]
[BlackElo "2598"]
[Result "1-0"]
[Round "06"]
[TimeControl "180+2"]
[Date "2023.02.21"]
[WhiteClock "0:00:02"]
[BlackClock "0:00:01"]

1. c4 e6 2. d4 d5 3. Nc3 Nf6 4. Nf3 Nbd7 5. cxd5 exd5 6. Bf4 Bb4 7. e3 Ne4 8. Qc2 g5 9. Bg3 h5 10. Bd3 h4 11. Bxe4 dxe4 12. Qxe4+ Kf8 13. Be5 f6 14. Nxg5 Nxe5 15. dxe5 Bxc3+ 16. bxc3 fxg5 17. O-O Kg7 18. f4 Qe7 19. f5 Kh6 20. Rad1 Rb8 21. g3 Re8 22. e6 b6 23. gxh4 Bb7 24. Qe5 gxh4 25. Rd4 Rg8+ 26. Kf2 Rbf8 27. Ke1 Qg5 28. e7 Re8 29. Qe6+ Kh7 30. f6 Rg6 31. Rd8 Qc5 32. Rd3 Kh6 33. Rf4 Qh5 34. Kd2 Ba6 35. c4 Bc8 36. Qe4 Qa5+ 37. Ke2 Bg4+ 38. Rxg4 1-0


[Site "https://www.chess.com"]

[Event "Titled Tuesday Blitz February 21 Early 2023"]
[White "Predke, Alexandr"]
[Black "Le, Tuan Minh"]
[WhiteFideId "24107581"]
[BlackFideId "12401153"]
[WhiteElo "2685"]
[BlackElo "2542"]
[Result "0-1"]
[Round "06"]
[TimeControl "180+2"]
[Date "2023.02.21"]
[WhiteClock "0:00:01"]
[BlackClock "0:00:02"]

1. e4 c5 2. Nf3 Nf6 3. Nc3 d5 4. e5 Nfd7 5. e6 fxe6 6. d4 Nc6 7. Bb5 g6 8. h4 Bg7 9. Bxc6 bxc6 10. h5 e5 11. Ng5 Nf8 12. hxg6 hxg6 13. Rxh8 Bxh8 14. dxc5 Qa5 15. Qf3 Bf6 16. Bd2 Qxc5 17. b4 Qc4 18. b5 e4 19. Qg3 e3 20. Qxe3 d4 21. Qe2 Qxe2+ 22. Nxe2 cxb5 23. Rb1 a6 24. c3 Bf5 25. Rb4 dxc3 26. Nxc3 Rd8 27. g4 Bd3 28. Nce4 Bd4 29. Rb3 Bc4 30. Ra3 Ne6 31. Rxa6 Nxg5 32. Nxg5 Bd3 33. Ra5 Bf6 34. Nf3 Rc8 35. Kd1 Be4 36. Ne1 Bc6 37. f3 Rd8 38. Ke2 Bd5 39. a3 Bc4+ 40. Ke3 Bd4+ 41. Ke4 Bb6 42. Bb4 Bxa5 43. Bxa5 Rd1 44. Ng2 Kd7 45. Nf4 Bf7 46. Bb4 Rc1 47. Nh3 Rc4+ 48. Ke3 e5 49. Ng5 Bd5 50. Nh7 Rf4 51. Ng5 Rf6 52. Bc3 Ra6 0-1


[Site "https://www.chess.com"]

[Event "Titled Tuesday Blitz February 21 Early 2023"]
[White "Bernadskiy, Vitaliy"]
[Black "Martinez Alcantara, Jose Eduardo"]
[WhiteFideId "14100371"]
[BlackFideId "3805662"]
[WhiteElo "2592"]
[BlackElo "2619"]
[Result "1-0"]
[Round "06"]
[TimeControl "180+2"]
[Date "2023.02.21"]
[WhiteClock "0:00:11"]
[BlackClock "0:00:05"]

1. e4 e5 2. Nf3 Nf6 3. Nxe5 d6 4. Nf3 Nxe4 5. d4 d5 6. Bd3 Be7 7. O-O Bf5 8. Re1 O-O 9. Nbd2 Nd6 10. Nf1 Bg6 11. Ne5 Bxd3 12. Qxd3 Nd7 13. Bf4 c6 14. Ng3 g6 15. Re2 Nxe5 16. dxe5 Ne8 17. Bh6 Ng7 18. Rae1 Qb6 19. c3 Rad8 20. Qf3 Rfe8 21. Bxg7 Kxg7 22. Qg4 Kh8 23. h4 d4 24. h5 dxc3 25. bxc3 Qa5 26. e6 f5 27. Qf4 Kg7 28. hxg6 hxg6 29. Re5 Rd5 30. Nxf5+ gxf5 31. Qxf5 Rf8 32. Qg4+ Kh6 33. Qh5+ Kg7 34. R1e3 Rxe5 35. Rxe5 Qa4 36. Re3 Qf4 37. Rg3+ Qxg3 38. fxg3 Bc5+ 39. Qxc5 Rf5 40. Qxf5 1-0


[Site "https://www.chess.com"]

[Event "Titled Tuesday Blitz February 21 Early 2023"]
[White "Fedoseev, Vladimir"]
[Black "Vakhlamov, Igor L."]
[WhiteFideId "24130737"]
[BlackFideId "24126748"]
[WhiteElo "2680"]
[BlackElo "2413"]
[Result "0-1"]
[Round "06"]
[TimeControl "180+2"]
[Date "2023.02.21"]
[WhiteClock "0:00:23"]
[BlackClock "0:00:24"]

1. e4 c5 2. Nf3 e6 3. d4 cxd4 4. Nxd4 Nf6 5. Nc3 Nc6 6. a3 d5 7. exd5 exd5 8. Bb5 Bd7 9. O-O Be7 10. h3 O-O 11. Nf3 a6 12. Bd3 h6 13. Bf4 Bc5 14. Qd2 Re8 15. Rfe1 d4 16. Ne4 Nxe4 17. Bxe4 Qf6 18. b4 Bb6 19. c4 Rad8 20. c5 Ba7 21. Bc7 Rc8 22. Bd6 Bb8 23. Bxb8 Rxb8 24. Bxc6 Bxc6 25. Qxd4 Qg6 26. Qg4 Qf6 27. Nd4 h5 28. Qd1 Rxe1+ 29. Qxe1 Qxd4 30. Rd1 Qf4 31. Qe2 Qg5 32. Qf1 Re8 33. Kh2 Qf4+ 34. Kg1 Bb5 35. g3 Bxf1 36. gxf4 Bxh3 37. Kh2 Bf5 38. Rd5 g6 39. Rd6 Be4 40. Kg3 Bc6 41. f5 gxf5 42. Kf4 Re2 43. f3 Rf2 44. Rd3 Kg7 45. Kg3 Rf1 46. Kg2 Ra1 47. Kg3 Kf6 48. f4 Rg1+ 49. Kf2 Rg2+ 50. Ke1 Rg4 51. Rd4 h4 52. Rd6+ Kg7 53. Rd3 Rg3 54. Rxg3+ hxg3 55. Ke2 Kg6 56. a4 Bxa4 57. b5 Bxb5+ 58. Kf3 Bc6+ 59. Kxg3 a5 60. Kh4 a4 61. Kg3 a3 62. Kf2 a2 63. Ke3 a1=Q 64. Kd3 Qa4 65. Kc3 Qe4 66. Kd2 Kh5 67. Kc3 Kg4 68. Kb3 Kxf4 69. Kc3 0-1


[Site "https://www.chess.com"]